 Dungeon Crawl Stone Soup version 0.18-b1-18-g7758cf2 (webtiles) character file.

180 Wooh the Skirmisher (level 5, 0/51 HPs)
             Began as a Ghoul Monk on May 2, 2016.
             Slain by Grinder (8 damage)
             ... on level 3 of the Dungeon.
             The game lasted 00:06:10 (1550 turns).

Wooh the Skirmisher (Ghoul Monk)                    Turns: 1550, Time: 00:06:10

Health: 0/51       AC:  2    Str: 15    XL:     5   Next: 60%
Magic:  4/4        EV: 12    Int:  5    God:
Gold:   116        SH:  0    Dex: 12    Spells: 0 memorised, 4 levels left

rFire  . . .     SeeInvis .       - Unarmed
rCold  + . .     Gourm    .     a - +0 robe
rNeg   + + +     Faith    .     (no shield)
rPois  ∞         Spirit   .     (no helmet)
rElec  .         Dismiss  .     (no cloak)
rCorr  .         Reflect  .     (no gloves)
SustAt .         Harm     .     (no boots)
MR     +....                    (no amulet)
Stlth  ++........               (no ring)
                                e - ring of protection from magic

@: rotting, somewhat resistant to hostile enchantments, unstealthy
A: rotting body, claws 1, carnivore 3, cold resistance 1, negative energy
resistance 3, slow regeneration 1, torment resistance, unbreathing
a: no special abilities


You were on level 3 of the Dungeon.
You were not hungry.

You visited 1 branch of the dungeon, and saw 3 of its levels.

You collected 116 gold pieces.

Inventory:

Missiles
 q - 14 arrows
Armour
 a - a +0 robe (worn)
 t - a +0 chain mail
Jewellery
 e - a ring of protection from magic (left claw)
 i - an uncursed amulet of faith
Scrolls
 c - 5 scrolls of enchant armour
 d - 2 scrolls of identify
 k - a scroll of fear
 m - 2 scrolls of amnesia {unknown}
Potions
 f - 2 potions of flight {unknown}
 j - 2 potions of lignification {unknown}
 l - a potion of invisibility {unknown}
 n - a potion of berserk rage {unknown}
 o - a potion of resistance {unknown}
 r - a potion of degeneration {unknown}
 s - a potion of beneficial mutation {unknown}
Comestibles
 b - 2 meat rations
 g - 2 slices of pizza
 h - a beef jerky
 u - a royal jelly


   Skills:
 + Level 6.7 Fighting
 - Level 2.6 Dodging
 - Level 2.1 Stealth
 - Level 4.3 Unarmed Combat


You had 4 spell levels left.
You didn't know any spells.

Dungeon Overview and Level Annotations

Branches:
Dungeon (3/15)

Altars:
Dithmenos
Sif Muna
Vehumet
The Shining One

Annotations:
D:3 Grinder


Innate Abilities, Weirdness & Mutations

Your body is rotting away.
You thrive on raw meat.
You are immune to poison.
You have sharp fingernails.
You are carnivorous and can eat meat at any time.
Your flesh is cold resistant.
You are immune to negative energy.
You regenerate slowly when monsters are visible.
You are immune to unholy pain and torment.
You can survive without breathing.


Message History

This raw flesh tastes great!
Grinder hits you!
* * * LOW HITPOINT WARNING * * *
You continue eating.
Grinder barely misses you.
You continue eating.
Grinder barely misses you. Grinder gestures at you.
You resist with almost no effort.
Eat a chunk of flesh? (ye/n/q/i?) This raw flesh tastes great!
You continue eating.
Grinder completely misses you.
You continue eating.
Grinder hits you but does no damage.
You barely miss Grinder. Grinder hits you!
* * * LOW HITPOINT WARNING * * *
You closely miss Grinder. Grinder closely misses you.
You scratch Grinder but do no damage. You scratch Grinder but do no damage.
Grinder hits you!
You die...

#$....# #.#
#.....####### #.#
###.##......# #.#
#.
#......#####.####
#.
#...............#
#.
#...............#
#.
#...............#
#.
#......#####.####
#......5@..[.#
#####.########
#.# #.# #.# #.#
#.


You could see Grinder.

Vanquished Creatures
  The ghost of Arial99 the Sneak, an amateur SpEn (D:3)
  Jessica (D:3)
  2 adders (D:2)
  A worm (D:3)
  A dart slug (D:1)
  A giant gecko (D:2)
  7 bats
  4 giant cockroaches (D:1)
  2 goblins
  4 hobgoblins
  5 kobolds
  A quokka (D:2)
  5 rats
35 creatures vanquished.

Notes
Turn   | Place    | Note
--------------------------------------------------------------
     0 | D:1      | Wooh the Ghoul Monk began the quest for the Orb.
     0 | D:1      | Reached XP level 1. HP: 19/19 MP: 0/0
   255 | D:1      | Found a glowing golden altar of the Shining One.
   282 | D:1      | Reached XP level 2. HP: 25/27 MP: 1/1
   354 | D:1      | Reached skill level 4 in Fighting
   757 | D:2      | Found a radiant altar of Vehumet.
   790 | D:2      | Reached XP level 3. HP: 31/34 MP: 2/2
   899 | D:2      | Found a shadowy altar of Dithmenos.
  1057 | D:2      | Found a deep blue altar of Sif Muna.
  1103 | D:2      | Reached skill level 5 in Fighting
  1223 | D:3      | Noticed Arial99's ghost (amateur SpEn)
  1245 | D:3      | Killed Arial99's ghost
  1245 | D:3      | Reached skill level 6 in Fighting
  1245 | D:3      | Reached XP level 4. HP: 17/45 MP: 3/3
  1245 | D:3      | Reached XP level 5. HP: 20/51 MP: 4/4
  1459 | D:3      | Noticed Jessica
  1467 | D:3      | Killed Jessica
  1515 | D:3      | Noticed Grinder
  1531 | D:3      | Paralysed by Grinder for 4 turns
  1550 | D:3      | Slain by Grinder

Skill      XL: |  1  2  3 |
---------------+----------+-----
Fighting       | 4 6 |  6.7
Dodging        | |  2.6
Stealth        | |  2.1
Unarmed Combat | |  4.3

Action                   |  1- 3 |  4- 6 || total
-------------------------+-------+-------++-------
Melee: Unarmed           |    96 |    25 ||   121
       Punch             |     3 |       ||     3
  Use: Scroll            |     4 |       ||     4
 Stab: Sleeping          |     3 |       ||     3
  Eat: Chunk             |     4 |     2 ||     6
Armor: Robe              |    15 |     2 ||    17
Dodge: Dodged            |    52 |    12 ||    64
